 Dungeon Crawl Stone Soup version 0.22-a0-362-g535178c (webtiles) character file.

6797 Amnesiac the Nimble (level 10, 0/82 HPs)
             Began as a Mummy Necromancer on Apr 19, 2018.
             Was an Initiate of Sif Muna.
             Slain by Erica
             ... wielding a +1 scimitar of flaming
              (12 damage)
             ... on level 8 of the Dungeon.
             The game lasted 00:22:54 (10556 turns).

Amnesiac the Nimble (Mummy Necromancer)            Turns: 10556, Time: 00:22:55

Health: 0/82       AC:  7    Str: 11    XL:     10   Next: 76%
Magic:  1/25       EV: 18    Int: 18    God:    Sif Muna [......]
Gold:   407        SH:  5    Dex: 13    Spells: 1/18 levels left

rFire    x . .     SeeInvis .   b - +0 hunting sling
rCold    + . .     Gourm    .   q - +0 buckler
rNeg     + + +     Faith    .   k - +0 robe
rPois    ∞         Spirit   .   w - +0 helmet
rElec    .         Reflect  .   x - +2 cloak {+Inv}
rCorr    .         Harm     .   t - -1 pair of gloves (curse)
MR       +....                  h - +0 pair of boots
Stlth    +++.......             (no amulet)
HPRegen  0.23/turn              s - ring of magical power
MPRegen  0.19/turn              g - ring of stealth

@: very slightly contaminated, slowed, very slow
A: no food or potions, fire vulnerability, cold resistance 1, negative energy
resistance 3, torment resistance, unbreathing
a: Renounce Religion, Evoke Invisibility


You were on level 8 of the Dungeon.
You worshipped Sif Muna.
Sif Muna was noncommittal.
You were not hungry.

You visited 2 branches of the dungeon, and saw 9 of its levels.

You collected 497 gold pieces.
You spent 90 gold pieces at shops.

Inventory:

Hand Weapons
 a - a +2 dagger of venom
 b - a +0 hunting sling (weapon)
 e - a +0 scimitar
Missiles
 c - 312 stones
 j - 35 sling bullets (quivered)
 r - 193 arrows
Armour
 h - a +0 pair of boots (worn)
 k - a +0 robe (worn)
 q - a +0 buckler (worn)
 t - a cursed -1 pair of gloves (worn)
 w - a +0 helmet (worn)
 x - a +2 cloak of invisibility (worn)
Jewellery
 g - a ring of stealth (right hand)
 s - a ring of magical power (left hand)
Scrolls
 d - 4 scrolls of blinking {!r}
 f - 2 scrolls of teleportation {!r}
 i - 3 scrolls of fog {!r}
 m - 4 scrolls of remove curse {!r}
 n - 2 scrolls of magic mapping {!r}
 o - 4 scrolls of identify {!r}
 u - a scroll of amnesia {!r}
 v - 3 scrolls of enchant armour {!r}


   Skills:
 - Level 8.5 Fighting
 - Level 10.2 Dodging
 - Level 1.5 Stealth
 - Level 3.8 Shields
 + Level 4.5 Spellcasting
 * Level 6.4 Necromancy


You had one spell level left.
You knew the following spells:

 Your Spells              Type           Power        Failure   Level  Hunger
a - Agony                 Necr           ####....     26%         5    N/A
b - Pain                  Necr           ####         1%          1    N/A
d - Vampiric Draining     Necr           ####......   3%          3    N/A
e - Dispel Undead         Necr           ####....     26%         5    N/A
s - Conjure Flame         Conj/Fire      #.......     38%         3    N/A

Dungeon Overview and Level Annotations

Branches:
Dungeon (8/15)             Temple (1/1) D:7            Lair (0/6) D:8

Altars:
Ashenzari
Cheibriados
Dithmenos
Elyvilon
Fedhas
Hepliaklqana
Kikubaaqudgha
Makhleb
Nemelex Xobeh
Okawaru
Qazlal
Ru
Sif Muna
Trog
Uskayaw
Vehumet
Wu Jian
Xom
Yredelemnul
Zin
The Shining One

Shops:
D:7 *

Annotations:
D:8 Erica


Innate Abilities, Weirdness & Mutations

You do not eat or drink.
Your flesh is vulnerable to fire.
You are immune to poison.
Your flesh is cold resistant. (rC+)
You are immune to negative energy. (rN+++)
You are immune to unholy pain and torment.
You can survive without breathing.


Message History

Evoke which item? (* to show all) (? for menu, Esc to quit)
Aiming: Disintegrate
Press: ? - help, Shift-Dir - straight line, f/p - Erica
Aim: Erica, wielding a scimitar of flaming and wearing a robe (heavily wounded, chance to defeat MR: 30%) Erica easily resists.
Erica gestures at you while chanting. The orb of energy hits you!
Evoke which item? (* to show all) (? for menu, Esc to quit)
Aiming: Disintegrate
Press: ? - help, Shift-Dir - straight line, f/p - Erica
Aim: Erica, wielding a scimitar of flaming and wearing a robe (heavily wounded, chance to defeat MR: 30%) Erica is blasted.
Erica hits you with a scimitar of flaming.
Erica burns you. Erica barely misses you.
Evoke which item? (* to show all) (? for menu, Esc to quit)
Aiming: Disintegrate
Press: ? - help, Shift-Dir - straight line, f/p - Erica
Aim: Erica, wielding a scimitar of flaming and wearing a robe (severely wounded, chance to defeat MR: 30%) Erica easily resists.
Erica gestures at you while chanting. The bolt of poison misses you.
Evoke which item? (* to show all) (? for menu, Esc to quit)
Aiming: Disintegrate
Press: ? - help, Shift-Dir - straight line, f/p - Erica
Aim: Erica, wielding a scimitar of flaming and wearing a robe (severely wounded, chance to defeat MR: 30%) Erica is blasted.
You block Erica's attack.
Evoke which item? (* to show all) (? for menu, Esc to quit)
Aiming: Disintegrate
Press: ? - help, Shift-Dir - straight line, f/p - Erica
Aim: Erica, wielding a scimitar of flaming and wearing a robe (almost dead, chance to defeat MR: 30%) Erica easily resists.
Erica hits you with a scimitar of flaming!
* * * LOW HITPOINT WARNING * * *
Erica burns you.
* * * LOW HITPOINT WARNING * * *
Evoke which item? (* to show all) (? for menu, Esc to quit)
Aiming: Disintegrate
Press: ? - help, Shift-Dir - straight line, f/p - Erica
Aim: Erica, wielding a scimitar of flaming and wearing a robe (severely wounded, chance to defeat MR: 30%) Erica easily resists.
Erica barely misses you.
Erica mumbles some strange words.
Erica flickers and vanishes!
Deactivating autopickup; reactivate with Ctrl-A.
Casting: Agony (quite dangerous; 26% risk of failure)
Confirm with . or Enter, or press ? or * to list all spells.
Aiming: Vampiric Draining (safe; 3% risk of failure)
Press: ? - help, Shift-Dir - straight line You miscast Vampiric Draining.
Nothing appears to happen.
Something hits you!
* * * LOW HITPOINT WARNING * * *
Something burns you.
* * * LOW HITPOINT WARNING * * *
Evoke which item? (* to show all) (? for menu, Esc to quit)
Aiming: Disintegrate
Press: ? - help, Shift-Dir - straight line Nothing appears to happen.
You hear some strange, mumbled words.
A bolt of poison appears from out of thin air!
The bolt of poison hits you! You resist. Something completely misses you.
Evoke which item? (* to show all) (? for menu, Esc to quit)
Aiming: Disintegrate
Press: ? - help, Shift-Dir - straight line Nothing appears to happen.
The now-empty wand crumbles to dust.
Something hits you!
You die...

.####.....##'###...#
.......>..#........#
..........#........#
..........#...##...#
.######...#...##...#
###%# #...#....#...#
###'###...#....(...#
##...##(..#..?.#...#
##.#.##...#....#@..#
##...##...#...##{..#
≈##'##≈...#...##...#
.≈.≈.≈....#..@.....#
..........#....(...#
.#........#........#
.#..#.....#...###..#
#####....##... #..#
....#....#... ...#


There were no monsters in sight!

Vanquished Creatures
  2 two-headed ogres (D:8)
  The ghost of Karim the Vexing, a novice GnAM of Cheibriados (D:7)
  Psyche (D:8)
  4 yaks
  A hungry ghost (D:8)
  A hornet zombie (D:8)
  A porcupine (D:8)
  2 orc warriors
  4 sky beasts
  2 black bears
  2 ice beasts
  6 ogres
  2 phantoms
  2 centaurs (D:6)
  The ghost of zero the Sneak, an amateur SpEn (D:4)
  3 bullfrogs
  A wyvern skeleton (D:8)
  A scorpion (D:4)
  4 crimson imps
  A bullfrog zombie (D:6)
  Crazy Yiuf (D:7)
  The ghost of zero the Sneak, a weakling SpEn (D:3)
  8 hounds
  5 jellies
  4 orc priests
  5 orc wizards
  2 centaur skeletons
  3 bullfrog skeletons
  5 iguanas
  7 worker ants
  2 hound skeletons
  3 worker ant zombies
  10 adders
  An orc skeleton (D:8)
  6 oozes
  An adder zombie (D:6)
  3 adder skeletons
  3 worms
  3 dart slugs
  5 leopard geckos
  34 orcs
  3 giant cockroaches
  12 goblins
  7 hobgoblins
  4 jackals (D:2)
  6 kobolds
  4 quokkas
  2 ball pythons
  11 bats
  6 frilled lizards
  A jackal zombie (D:7)
  A quokka skeleton (D:4)
  4 rats
  A fungus (D:7)
216 creatures vanquished.

Notes
Turn   | Place    | Note
-------+----------+-------------------------------------------
     0 | D:1      | Amnesiac the Mummy Necromancer began the quest for the Orb.
     0 | D:1      | Reached XP level 1. HP: 13/13 MP: 4/4
   337 | D:3      | Reached XP level 2. HP: 20/20 MP: 5/5
   346 | D:3      | Reached skill level 2 in Dodging
   481 | D:3      | Reached skill level 1 in Fighting
   497 | D:3      | Noticed zero's ghost (weakling SpEn)
   841 | D:3      | Reached XP level 3. HP: 26/26 MP: 7/7
   846 | D:3      | Learned a level 3 spell: Vampiric Draining
   864 | D:4      | Noticed zero's ghost (amateur SpEn)
   883 | D:5      | Entered Level 5 of the Dungeon
  1115 | D:4      | Killed zero's ghost
  1115 | D:4      | Reached skill level 3 in Dodging
  1115 | D:4      | Reached XP level 4. HP: 20/33 MP: 8/8
  1246 | D:4      | Reached XP level 5. HP: 28/38 MP: 0/9
  1373 | D:4      | Noticed an ogre
  1398 | D:4      | Killed an ogre
  1398 | D:4      | Reached skill level 5 in Necromancy
  1398 | D:4      | Reached XP level 6. HP: 40/46 MP: 10/10
  1472 | D:4      | Reached skill level 4 in Dodging
  1618 | D:5      | Noticed a sky beast
  1654 | D:4      | Killed a sky beast
  1997 | D:4      | Found a shattered altar of Ashenzari.
  2101 | D:4      | Reached XP level 7. HP: 43/52 MP: 11/11
  2418 | D:5      | Reached skill level 5 in Dodging
  2439 | D:5      | Noticed a yak
  2441 | D:5      | Noticed a yak
  2442 | D:5      | Noticed a yak
  2455 | D:5      | Noticed a yak
  2503 | D:4      | Killed a yak
  2671 | D:5      | Found a hazy altar of Hepliaklqana.
  3006 | D:5      | Killed a yak
  3006 | D:5      | Reached skill level 6 in Dodging
  3006 | D:5      | Reached XP level 8. HP: 30/61 MP: 5/12
  3055 | D:5      | Reached skill level 5 in Fighting
  3771 | D:5      | Reached skill level 7 in Dodging
  4004 | D:6      | Found a shimmering altar of Xom.
  4603 | D:6      | Reached XP level 9. HP: 34/70 MP: 9/13
  4768 | D:6      | Reached skill level 8 in Dodging
  4825 | D:6      | Found a blossoming altar of Fedhas.
  5252 | D:6      | HP: 1/71 [ogre/giant club (29)]
  5581 | D:6      | Found a basalt altar of Yredelemnul.
  5752 | D:7      | Found a shimmering altar of Xom.
  5757 | D:7      | Found a staircase to the Ecumenical Temple.
  5783 | Temple   | Entered the Ecumenical Temple
  5795 | Temple   | Became a worshipper of Kikubaaqudgha
  6599 | D:2      | Reached * piety under Kikubaaqudgha
  6599 | D:2      | Identified Kikubaaqudgha's Disquisition on Evil Arts (Kikubaaqudgha gifted it to you on level 2 of the Dungeon)
  6599 | D:2      | Received a gift from Kikubaaqudgha
  6742 | D:2      | Reached skill level 1 in Shields
  6817 | D:2      | Found a faded altar of an unknown god.
  6922 | D:2      | Found a stormy altar of Qazlal.
  7262 | D:3      | Found a shadowy altar of Dithmenos.
  7278 | D:3      | Killed zero's ghost
  7470 | D:3      | Found a glowing silver altar of Zin.
  7910 | D:7      | Found a runed door.
  7915 | D:7      | Noticed Crazy Yiuf
  7929 | D:7      | Killed Crazy Yiuf
  7985 | D:7      | Noticed Karim's ghost (novice GnAM)
  8096 | D:7      | Reached ** piety under Kikubaaqudgha
  8159 | D:7      | Found Jevi's Assorted Antiques.
  8168 | D:7      | Bought 3 scrolls labeled MEYLAZ NIUMAR for 90 gold pieces
  8266 | D:7      | Noticed a two-headed ogre
  8573 | D:7      | Killed Karim's ghost
  8573 | D:7      | Reached skill level 9 in Dodging
  8731 | D:8      | Found an iron altar of Okawaru.
  8782 | D:8      | Reached XP level 10. HP: 44/79 MP: 14/14
  8892 | D:8      | Learned a level 3 spell: Conjure Flame
  8920 | D:8      | Found a white marble altar of Elyvilon.
  9032 | D:8      | Noticed a two-headed ogre
  9068 | D:8      | Killed a two-headed ogre
  9116 | D:8      | Found a staircase to the Lair.
  9278 | D:8      | Noticed a two-headed ogre
  9363 | D:8      | Reached skill level 10 in Dodging
  9432 | D:8      | Noticed Psyche
  9483 | D:8      | Noticed a two-headed ogre
  9768 | D:8      | Reached *** piety under Kikubaaqudgha
  9768 | D:8      | Identified Kikubaaqudgha's Almanac of Darkness (Kikubaaqudgha gifted it to you on level 8 of the Dungeon)
  9768 | D:8      | Received a gift from Kikubaaqudgha
  9776 | D:8      | Learned a level 5 spell: Dispel Undead
  9776 | D:8      | Fell from the grace of Kikubaaqudgha
  9854 | Temple   | Became a worshipper of Sif Muna the Loreminder
  9930 | D:8      | Killed a two-headed ogre
  9950 | D:8      | Noticed Erica
  9984 | D:8      | Learned a level 5 spell: Agony
 10274 | D:8      | Killed Psyche
 10556 | D:8      | Slain by Erica

Vault maps used:
D:1:      saegor_arrival_simple_b, serial_bayou, serial_bayou_lake_a,
          serial_bayou_ford_a, serial_bayou_shore_b, serial_bayou_pond_a
D:2:      overflow_temple_1_default, chequers_ecumenical_altar_twisty,
          nrook_loot_triangle
D:3:      zin_statuary, nicolae_dithmenos_shadow_blocks
D:4:      first_ration, st_stairs_9, nicolae_ashenzari_panopticon
D:5:      kennysheep_mini
D:6:      lemuel_coloured_pillars_altar, fedhas_bush_and_centaur_altar,
          lemuel_crystal_altar, hangedman_decor_opposing,
          eino_small_chamber_without_monster
D:7:      temple_statues, serial_shops, shop, basic_altar,
          lightli_corner_chamber, uniq_crazy_yiuf_cottage
D:8:      elyvilon_altar_4, lemuel_crystal_altar,
          grunt_lair_entry_orc_guard_hut, hangedman_little_slice_of_home,
          uniq_psyche, uniq_erica
Temple:   nicolae_temple_great_sept

Skill      XL: |  1  2  3  4  5  6  7  8  9 10 |
---------------+-------------------------------+-----
Dodging        | 2 3 4 6 7 9 10 | 10.2
Spellcasting   | 3 4 |  4.5
Fighting       | 1 2 3 4 6 7 8 |  8.5
Necromancy     | 5 6 |  6.4
Shields        | 3 |  3.8
Stealth        | |  1.5

Action                   |  1- 3 |  4- 6 |  7- 9 | 10-12 || total
-------------------------+-------+-------+-------+-------++-------
Melee: Unarmed           |     2 |       |       |       ||     2
       Short sword       |       |       |   256 |       ||   256
       Dagger            |       |       |   182 |   100 ||   282
       Scimitar          |       |       |    22 |       ||    22
 Fire: Hunting sling     |   102 |   102 |   311 |   125 ||   640
 Cast: Pain              |    13 |     1 |     3 |     1 ||    18
       Vampiric Draining |     1 |    14 |    43 |    30 ||    88
       Agony             |       |       |       |     5 ||     5
       Conjure Flame     |       |       |       |     3 ||     3
       Dispel Undead     |       |       |       |     1 ||     1
Invok: Renounce Religion |       |       |       |     1 ||     1
Evoke: Wand              |       |       |    38 |    13 ||    51
  Use: Scroll            |       |       |    10 |     5 ||    15
 Stab: Sleeping          |       |       |    15 |     1 ||    16
       Paralysed         |       |       |    14 |       ||    14
Armor: Robe              |    10 |     8 |    99 |    39 ||   156
Dodge: Dodged            |    37 |    58 |   420 |   152 ||   667
Block: Buckler           |       |       |    49 |    46 ||    95
       Rpst.: Scimitar   |       |       |     4 |       ||     4

Table legend:
 A = Spawn XP
 B = Non-spawn XP
 C = Spawn XP percentage of total XP
 D = Spawn monster count
 E = Non-spawn monster count
 F = Spawn count percentage of total count
 G = Total turns spent on level
                    A         B        C        D         E        F      G
               +---------+---------+-------+---------+---------+-------+---------
         Total |       0 |    9711 |   0.0 |       0 |     213 |   0.0 | 10556
               +---------+---------+-------+---------+---------+-------+---------
           D:1 |       0 |      21 |   0.0 |       0 |      13 |   0.0 |   802
           D:2 |       0 |      81 |   0.0 |       0 |      28 |   0.0 |   742
           D:3 |       0 |     214 |   0.0 |       0 |      36 |   0.0 |  1064
           D:4 |       0 |    1125 |   0.0 |       0 |      26 |   0.0 |  1656
           D:5 |       0 |    1002 |   0.0 |       0 |      22 |   0.0 |  1910
           D:6 |       0 |    1251 |   0.0 |       0 |      20 |   0.0 |  1506
           D:7 |       0 |    1551 |   0.0 |       0 |      27 |   0.0 |  1121
           D:8 |       0 |    4430 |   0.0 |       0 |      40 |   0.0 |  1712
        Temple |       0 |      36 |   0.0 |       0 |       1 |   0.0 |    43
               +---------+---------+-------+---------+---------+-------+---------
